Map: Port Aleksander LE

Players

Creator - Winner!

  • Race: Protoss Protoss
  • Spawn Location: 11:00

Reynor

  • Race: Zerg Zerg
  • Spawn Location: 5:00

Event: IEM Season 13: Katowice (2019)

VOD

Have the link to the VOD?

Description

Time

  • Played on: Feb. 26, 2019, 7:40 a.m.
  • Length: 12:19

All games in this series

Show
View Real Time Build Order
Export as new Build Order

Creator Protoss - Winner!

Build Orders: 1 Gate Expand, Oracle Opening, Archon Immortal, Archon Drop 

Get SALT Encoding   

  12  0:00  Probe  
  13  0:12  Probe  
  14  0:19  Pylon  
  14  0:24  Probe  
  15  0:33  Probe  
  15  0:41  Probe  
  16  0:43  Gateway  
  16  0:47  Assimilator  
  17  0:51  Probe  
  18  1:04  Probe  
  19  1:16  Probe  
  20  1:26  Nexus  
  20  1:35  Cybernetics Core  
  20  1:39  Probe  
  21  1:44  Assimilator  
  21  1:51  Probe  
  22  1:55  Pylon  
  22  2:03  Adept, Probe  
  25  2:15  Probe  
  25  2:19  Stargate  
  26  2:27  Probe  
  27  2:33  Stalker  
  27  2:35  Warp Gate, Probe  
  27  2:36  Probe  
  29  2:43  Probe  
  31  2:45  Probe  
  33  2:53  Probe, Oracle  
  33  2:54  Probe  
  35  3:05  Probe  
  39  3:07  Probe  
  40  3:17  Pylon, Probe  
  40  3:19  Probe  
  42  3:23  Assimilator  
  42  3:26  Assimilator  
  42  3:29  Probe  
  42  3:31  Probe, Robotics Facility  
  44  3:38  Probe  
  44  3:43  Probe  
  44  3:44  Twilight Council  
  44  3:46  Probe  
  44  3:47  Pylon  
  46  3:55  Probe x2  
  49  4:07  Probe  
  49  4:08  Probe  
  51  4:11  Gateway  
  51  4:12  Warp Prism  
  51  4:14  Gateway x2  
  51  4:19  Probe  
  54  4:27  Templar Archives  
  54  4:34  Probe x2  
  54  4:35  Pylon  
  56  4:39  Adept  
  56  4:44  Oracle  
  61  4:49  Pylon  
  61  5:04  Nexus  
  61  5:07  Pylon  
  61  5:09  Pylon  
  61  5:14  Probe x2  
  63  5:18  High Templar x4  
  71  5:22  Archon x2  
  71  5:26  Pylon, Charge  
  71  5:27  Probe x2  
  73  5:42  Gateway  
  73  5:43  Gateway, Probe x2  
  73  5:44  Immortal  
  73  5:46  Shield Battery  
  75  5:56  Sentry x2, Zealot  
  85  5:57  Zealot  
  85  6:03  Probe  
  85  6:04  Probe  
  89  6:14  Immortal  
  89  6:15  Forge, Probe  
  89  6:16  Probe x2  
  96  6:29  Probe  
  98  6:32  Probe x2  
  98  6:34  Robotics Facility  
  98  6:36  Pylon  
  99  6:40  Psionic Storm, Assimilator  
  99  6:42  Probe  
  99  6:43  Assimilator  
  99  6:44  Probe  
  101  6:49  Immortal  
  102  7:09  High Templar x2  
  102  7:10  Photon Cannon  
  102  7:11  Immortal  
  102  7:12  Photon Cannon  
  102  7:13  Probe x3  
  102  7:15  Protoss Ground Weapons Level 1  
  109  7:22  Observer  
  113  7:24  Pylon  
  113  7:27  Pylon  
  114  7:30  Gateway  
  114  7:31  Gateway  
  114  7:34  Pylon  
  114  7:35  Immortal  
  114  7:38  Zealot x2  
  114  7:41  Immortal  
  126  7:58  Shield Battery  
  126  7:59  Zealot x2, High Templar x2  
  126  8:02  Photon Cannon, Zealot  
  136  8:06  Zealot  
  138  8:15  Immortal, Dark Shrine  
  142  8:22  Zealot  
  144  8:27  Zealot x2  
  144  8:31  Probe  
  145  8:43  Zealot, Probe  
  145  8:48  Immortal  
  148  8:52  Immortal  
  148  8:54  Pylon  
  148  8:55  Pylon  
  146  8:57  Pylon  
  146  8:58  Pylon  
  146  9:02  Protoss Ground Weapons Level 2  
  148  9:15  High Templar  
  148  9:16  Zealot, High Templar  
  154  9:19  Archon  
  154  9:20  Zealot, Archon  
  154  9:21  Zealot x2  
  154  9:22  Sentry  
  154  9:23  Immortal  
  152  9:30  Immortal  
  142  9:40  High Templar x2  
  142  9:45  Dark Templar, Zealot x3  
  148  9:51  Zealot x2  
  158  9:52  Pylon  
  158  9:56  Immortal  
  158  9:57  Phoenix  
  164  10:10  Dark Templar x2  
  164  10:13  Nexus  
  168  10:15  Pylon  
  168  10:23  Immortal  
  168  10:24  Immortal  
  160  10:39  Zealot x3  
  140  10:58  Archon  
  140  10:59  Dark Templar x5  
  140  11:00  Zealot x3  
  140  11:04  Archon x2  
  156  11:06  Photon Cannon  
  156  11:07  Photon Cannon  
  156  11:10  Immortal  
  156  11:15  Immortal  
  161  11:27  High Templar x2  
  161  11:28  Zealot  
  167  11:35  Zealot x2  
  167  11:37  Zealot, High Templar  
  169  11:55  Zealot x4  
  169  11:59  Zealot x3  
  175  12:13  Zealot  
Show
View Real Time Build Order
Export as new Build Order

Reynor Zerg 

Build Orders: Hatch First 

Get SALT Encoding   

  12  0:00  Drone  
  13  0:12  Overlord  
  13  0:18  Drone  
  14  0:30  Drone  
  14  0:31  Drone  
  16  0:50  Hatchery  
  16  0:53  Drone  
  17  0:57  Drone  
  17  1:00  Drone  
  18  1:10  Extractor  
  17  1:16  Spawning Pool  
  16  1:20  Drone  
  16  1:23  Drone  
  18  1:28  Drone  
  19  1:39  Drone  
  20  1:51  Overlord  
  20  2:03  Queen x2  
  20  2:04  Zergling x2  
  20  2:06  Zergling x2  
  26  2:11  Drone  
  26  2:13  Drone  
  28  2:20  Metabolic Boost  
  28  2:23  Drone  
  28  2:25  Drone  
  30  2:43  Hatchery  
  29  2:45  Drone  
  29  2:47  Drone  
  29  2:49  Drone  
  32  2:56  Overlord  
  32  3:01  Queen  
  32  3:04  Drone  
  35  3:06  Drone  
  36  3:13  Overlord  
  36  3:16  Drone  
  36  3:17  Drone x2  
  39  3:26  Overlord  
  39  3:32  Drone x5  
  44  3:46  Drone x2  
  46  3:50  Lair  
  46  3:51  Zergling x2  
  46  3:52  Zergling x4  
  46  3:54  Drone  
  46  3:55  Drone  
  51  3:57  Spore Crawler  
  51  3:58  Queen  
  51  4:01  Drone  
  51  4:03  Drone  
  51  4:06  Drone  
  51  4:10  Drone x2  
  51  4:16  Drone x2  
  55  4:20  Drone x3  
  58  4:24  Overlord  
  58  4:27  Overlord  
  58  4:31  Spore Crawler  
  58  4:38  Extractor  
  54  4:40  Extractor  
  54  4:41  Roach Warren  
  54  4:43  Drone x4  
  54  4:45  Drone  
  57  4:48  Overlord  
  57  4:50  Drone x2  
  57  4:51  Drone  
  61  4:54  Zergling x2  
  61  4:57  Zergling x2  
  63  5:00  Drone  
  63  5:03  Drone  
  63  5:06  Drone  
  66  5:07  Drone x2  
  66  5:08  Drone  
  66  5:11  Drone  
  66  5:12  Evolution Chamber  
  69  5:14  Overlord  
  69  5:16  Drone x2  
  71  5:23  Roach x2, Spore Crawler  
  71  5:27  Overlord  
  74  5:29  Glial Reconstitution  
  74  5:36  Roach x4  
  74  5:38  Overlord  
  74  5:40  Zerg Missile Weapons Level 1  
  74  5:41  Extractor  
  74  5:42  Overlord  
  80  5:46  Roach x3  
  86  5:52  Roach  
  86  5:53  Drone  
  86  5:55  Overlord  
  89  5:57  Drone x3  
  89  5:59  Roach  
  89  6:01  Roach  
  96  6:05  Drone x4  
  96  6:07  Overlord  
  96  6:10  Roach x2  
  96  6:11  Roach  
  106  6:12  Overlord  
  106  6:14  Roach  
  108  6:19  Roach x2  
  108  6:23  Roach  
  114  6:25  Overlord  
  114  6:28  Drone x2  
  114  6:31  Drone  
  114  6:34  Roach x4  
  114  6:38  Overlord  
  122  6:45  Roach x3  
  126  6:47  Drone x3  
  126  6:52  Drone x2  
  126  6:53  Overlord  
  128  6:55  Drone  
  128  6:58  Drone x2  
  129  7:02  Drone  
  129  7:03  Drone  
  129  7:12  Roach  
  129  7:13  Roach x3  
  137  7:18  Overlord  
  137  7:21  Nydus Network, Hatchery  
  135  7:24  Overseer  
  135  7:27  Overlord  
  135  7:28  Roach  
  137  7:32  Overlord  
  137  7:35  Extractor  
  136  7:38  Drone x2  
  136  7:39  Roach x4  
  146  7:46  Roach x4  
  146  7:51  Roach x2, Zerg Missile Weapons Level 2  
  158  7:56  Roach x2  
  161  7:59  Overlord  
  161  8:05  Overlord  
  161  8:07  Overlord  
  161  8:17  Overlord  
  161  8:19  Nydus Canal  
  160  8:22  Roach x4  
  160  8:25  Roach x4  
  176  8:32  Nydus Canal  
  174  8:35  Roach x7  
  174  8:37  Roach x3  
  188  8:41  Roach, Queen  
  188  8:43  Roach  
  188  8:46  Roach  
  176  8:51  Roach x2  
  176  8:54  Nydus Canal  
  178  8:57  Roach x2  
  176  9:05  Roach x5  
  176  9:09  Drone  
  185  9:12  Roach x2  
  185  9:15  Roach  
  191  9:22  Nydus Canal  
  175  9:26  Roach x4  
  175  9:28  Roach x2  
  175  9:30  Roach x2  
  165  9:38  Drone  
  154  9:39  Extractor, Nydus Canal  
  154  9:40  Roach  
  154  9:43  Drone  
  154  9:44  Drone  
  154  9:45  Queen, Drone x2  
  157  9:48  Drone  
  157  9:51  Roach  
  157  9:52  Roach, Hydralisk Den  
  163  9:56  Roach  
  163  9:58  Spore Crawler  
  160  10:01  Roach x2  
  160  10:04  Drone  
  160  10:06  Drone  
  166  10:07  Drone  
  166  10:10  Drone x3  
  166  10:14  Drone x2  
  172  10:19  Drone x3  
  172  10:20  Drone  
  172  10:21  Overseer  
  176  10:30  Hydralisk x3  
  176  10:34  Nydus Canal  
  170  10:36  Hydralisk x3  
  170  10:39  Hatchery  
  170  10:40  Hydralisk  
  170  10:41  Hydralisk  
  175  10:45  Hydralisk x2  
  165  10:55  Hydralisk x4  
  165  10:57  Ravager x3  
  169  11:00  Overseer  
  169  11:01  Zergling x4  
  172  11:07  Hydralisk x2  
  172  11:08  Hydralisk  
  178  11:13  Hydralisk  
  180  11:22  Zergling x10  
  185  11:31  Lurker Den  
  184  11:40  Nydus Canal  
  184  11:41  Hydralisk  
  186  11:49  Overseer  
  186  11:50  Hydralisk x2  
  174  12:02  Zergling x6  

Tags
 
Add a new tag
Caveats
  • Supply blocks, unpowered buildings, or Contaminate may cause inaccurate times.
  • Supply counts are checked every 10 seconds.